Jacqueline, neutral female human Tourist ---------- |........| |......{..##############################0 #.........| # ------ ----- ###|........| ### |.<..| #-.*?| ------ # |......>.| -------- # |.....# #|.!.| |.....###### -----+---- |......| ##-....|# #|.)?| |....| # ##........####------# #----- |....|### # ---+----#### # ## |...{|# ### # # |.....# ## # # ##@##### # --.---0############ ---------.-# q----|-# ##### -|--- #.......^.^|# #|....|# |...| ###|..........# #......# |...| # |.........| |....| |....###### ----------- ------ |...| ----- Jacqueline the Sightseer Experience level: 5 Strength: 10 Dexterity: 10 Constitution: 16 Intelligence: 17 Wisdom: 8 Charisma: 18 Health: 0(33) Energy: 15(15) AC: 11 Gold: 31 Moves: 1825 Your Inventory: Coins $ - 31 gold pieces Weapons a - 13 uncursed +2 darts (in quiver) Armor j - an uncursed +0 Hawaiian shirt (being worn) z - a cursed rusty -1 pair of buckled boots [kicking] (being worn) Comestibles b - 8 uncursed food rations c - an uncursed clove of garlic d - 2 uncursed [stale] eggs f - 4 uncursed tins of newt meat m - an [uncursed] tin [of lichen] B - an [uncursed] pear Rings n - an [uncursed] ring of stealth Wands A - an [uncursed] wand of striking [0:7] Tools k - an uncursed expensive camera (0:69) l - an uncursed credit card s - an [uncursed] bag called normal [sack] Gems o - an [uncursed] blue gem [worthless glass] p - an [uncursed] yellow gem [worthless glass] Contents of the sack: 666 gold pieces an [uncursed] scroll labeled GHOTI [of remove curse] an [uncursed] scroll labeled LEP GEX VEN ZEA [of punishment] an [uncursed] scroll labeled TEMOV [of enchant weapon] a [cursed] scroll labeled VELOX NEB [of destroy armor] 4 uncursed scrolls of magic mapping 4 [uncursed] unlabeled scrolls [of blank paper] 2 uncursed potions of extra healing a [blessed] white potion [of hallucination] Spells known in the end: Name Level Category Fail Memory a - cure sickness 3 healing 100% [||||||||] Your skills at the end: Fighting Skills Weapon Skills dart [Basic / Expert] Spellcasting Skills Final Attributes: You were devoutly aligned. Hunger level was 682. Your alignment was 17 / 19. Monster difficulty range was 0 - 4. Level difficulty was 4. Your luck was zero. You are dead. Vanquished creatures: 2 enormous rats a gray ooze an elf zombie a paper golem a floating eye a centipede 3 coyotes 5 manes a yellow mold 3 gnome zombies a gecko 2 jackals a goblin 4 sewer rats a lichen 2 kobold zombies a newt 31 creatures vanquished. Voluntary challenges: You were an atheist. You never hit with a wielded weapon. You read items or engraved 1 time. You put on armor 2 times. You never genocided any monsters. You never polymorphed an object. You never changed form. You used no wishes. You never wrote Elbereth's name. You never encountered a bones level. You never used any Sokoban shortcuts. Dungeon overview: The Dungeons of Doom: levels 1 to 4 Level 1 a fountain a long staircase Level 2 a fountain a long staircase Level 3 a sink Level 4 <- You were here a general store, some fountains History has recorded: On T:1 you entered the Dungeons of Doom to retrieve the Amulet of Yendor! On T:286 you reached level 3 of The Dungeons of Doom. On T:331 you advanced to experience level 2. On T:431 you reached level 2 of The Dungeons of Doom. On T:869 you advanced to experience level 3. On T:1166 you reached level 4 of The Dungeons of Doom. On T:1256 you advanced to experience level 4. On T:1568 you advanced to experience level 5. Latest messages: You kill it! The dart hits the enormous rat. The enormous rat bites! [HP-3=17] The dart hits the enormous rat. The enormous rat bites! [HP-2=15] The dart hits the enormous rat! You kill the enormous rat! a - 4 uncursed +2 darts (in quiver). The rothe hits! The rothe bites! (2x) [HP-10=5] a - an uncursed +2 dart (in quiver). You see here a gray ooze corpse. The dart hits the rothe. The rothe hits! The rothe bites! You die... Final status: Aloha Jacqueline the Tourist... You died in The Dungeons of Doom on dungeon level 4 with 1423 points, and 697 pieces of gold, after 1825 moves. You were level 5 with a maximum of 33 hit points when you died.